 Dungeon Crawl Stone Soup version 0.13-a0-2214-g11ebcbd (webtiles) character file.

137 Kae the Firebug (level 4, 0/24 HPs)
             Began as a Tengu Fire Elementalist on July 3, 2013.
             Slain by an adder (4 damage)
             ... on Level 2 of the Dungeon.
             The game lasted 00:01:51 (1147 turns).

Kae the Firebug (Tengu Fire Elementalist)           Turns: 1147, Time: 00:01:52

HP   0/24        AC  3     Str  8      XL: 4   Next: 71%
MP   0/8         EV 12     Int 16      God:
Gold 39          SH  0     Dex 15      Spells:  2 memorised,  3 levels left

Res.Fire  : . . .   See Invis. : .   (no weapon)
Res.Cold  : . . .   Warding    : .   a - +0 robe
Life Prot.: . . .   Conserve   : .   (no shield)
Res.Poison: .       Res.Corr.  : .   (helmet restricted)
Res.Elec. : .       Clarity    : .   h - +0 cloak
Sust.Abil.: . .     Spirit.Shd : .   (no gloves)
Res.Mut.  : .       Stasis     : .   (boots unavailable)
Res.Rott. : .       Flight     : .   (no amulet)
Saprovore : . . .                    (no ring)
                                     (no ring)

@: mildly poisoned, slightly resistant to hostile enchantments, fairly stealthy
A: beak, talons 3
a: no special abilities


You were on level 2 of the Dungeon.
You were hungry.

You visited 1 branch of the dungeon, and saw 2 of its levels.

You collected 19 gold pieces.

Inventory:

Armour
 a - a +0 robe (worn)
 h - a +0 cloak (worn)
Comestibles
 c - 2 bread rations
 k - a meat ration
 l - a sausage
 m - a rotting chunk of goblin flesh
Scrolls
 d - 2 scrolls of identify {unknown}
 e - a scroll of blinking {unknown}
 f - 3 scrolls of remove curse {unknown}
 i - a scroll of enchant weapon II {unknown}
 j - a scroll of recharging {unknown}
 o - a scroll of enchant weapon I {unknown}
Potions
 g - 6 potions of curing
 n - a potion of speed {unknown}
Books
 b - a book of Flames

   Spells                             Type                      Level
   *Flame Tongue                      Conjuration/Fire             1
   *Throw Flame                       Conjuration/Fire             2
   Conjure Flame                      Conjuration/Fire             3
   Inner Flame                        Hexes/Fire                   3
   Sticky Flame                       Conjuration/Fire             4
   Fireball                           Conjuration/Fire             5


   Skills:
 - Level 2.1 Dodging
 - Level 2.0 Stealth
 + Level 1.8 Spellcasting
 * Level 3.6 Conjurations
 * Level 4.5 Fire Magic


You had 3 spell levels left.
You knew the following spells:

 Your Spells              Type           Power        Failure   Level  Hunger
a - Flame Tongue          Conj/Fire      ##...        4%          1    ##.....
b - Throw Flame           Conj/Fire      ##....       8%          2    ###....


Dungeon Overview and Level Annotations

Branches:
Dungeon (2/27)

Altars:


Innate Abilities, Weirdness & Mutations

You have a beak for a mouth.
You have claws for feet.


Message History

The adder closely misses you.
Casting: Flame Tongue
Confirm with . or Enter, or press ? or * to list all spells.
Aiming: Flame Tongue
Press: ? - help, Shift-Dir - straight line, f/p - adder
Aim: an adder (lightly wounded)
The flame hits the adder.
The adder is moderately wounded.
The adder bites you.
* * * LOW HITPOINT WARNING * * *
Casting: Flame Tongue
Confirm with . or Enter, or press ? or * to list all spells.
Aiming: Flame Tongue
Press: ? - help, Shift-Dir - straight line, f/p - adder
Aim: an adder (moderately wounded)
The flame hits the adder.
The adder is heavily wounded.
You are feeling hungry.
The adder closely misses you. The adder bites you.
You die...

##..#.^'...'..#..#
.#..#..#...#..#..#
##%#####...#####'####
.'.....#...#.....'..#
.#.....#...#.....#..#
##..%..'...'.....##'#
.#.....#...#.....#..#
.'.....#...#.....'..#
##'#####...#####@####
#%.# #...# #.S# #..#
+...+ #..# #### #...#
#### #..## #..#


You could see an adder.

Vanquished Creatures
  6 adders (D:2)
  A giant cockroach (D:1)
  5 goblins
  8 hobgoblins
  7 kobolds (D:1)
  3 ball pythons (D:2)
  5 bats
  A giant newt (D:1)
  3 jackals (D:2)
  6 rats (D:1)
45 creatures vanquished.

Notes
Turn   | Place    | Note
--------------------------------------------------------------
     0 | D:1      | Kae, the Tengu Fire Elementalist, began the quest for the Orb.
     0 | D:1      | Reached XP level 1. HP: 10/10 MP: 3/3
   158 | D:1      | Reached XP level 2. HP: 15/15 MP: 3/5
   553 | D:1      | Reached XP level 3. HP: 19/19 MP: 6/6
   557 | D:1      | Learned a level 2 spell: Throw Flame
   805 | D:2      | Reached skill level 4 in Fire Magic
  1012 | D:2      | Reached XP level 4. HP: 20/24 MP: 4/8
  1147 | D:2      | Slain by an adder

Action                   |  1- 3 |  4- 6 || total
-------------------------+-------+-------++-------
Melee: Unarmed           |    51 |    13 ||    64
 Cast: Flame Tongue      |    39 |    17 ||    56
       Throw Flame       |     1 |       ||     1
  Use: Potion            |       |     1 ||     1
 Stab: Sleeping          |     3 |     1 ||     4
